Map: Lost and Found LE

Players

Cure

  • Race: Terran Terran
  • League: Master
  • Spawn Location: 1:00

liquidthermy (uThermal) - Winner!

  • Race: Terran Terran
  • League: Master
  • Spawn Location: 7:00

Event: HomeStory Cup XVIII

VOD

Have the link to the VOD?

Description

Time

  • Played on: Nov. 22, 2018, 11:45 a.m.
  • Length: 12:38

All games in this series

Show
View Real Time Build Order
Export as new Build Order

Cure Terran 

Build Orders:  

Get SALT Encoding   

  12  0:00  SCV  
  13  0:13  Supply Depot  
  13  0:17  SCV  
  14  0:35  Barracks  
  14  0:39  Refinery  
  14  0:50  SCV  
  15  1:03  SCV  
  16  1:16  SCV  
  16  1:29  Orbital Command  
  16  1:30  Reaper  
  17  1:37  Barracks  
  17  1:42  Refinery  
  16  1:55  SCV  
  17  2:02  Reaper  
  17  2:04  Supply Depot  
  19  2:08  SCV  
  19  2:20  SCV  
  20  2:23  Reaper  
  21  2:32  SCV  
  21  2:34  Reaper  
  21  2:36  Factory  
  23  2:44  SCV  
  23  2:48  Supply Depot  
  24  2:56  SCV  
  25  3:02  Barracks Tech Lab  
  25  3:09  SCV  
  26  3:21  SCV  
  26  3:26  Barracks Reactor  
  26  3:27  Cyclone, Mag-Field Accelerator  
  27  3:33  SCV  
  31  3:45  SCV  
  32  3:49  Command Center  
  32  3:54  Supply Depot  
  32  3:59  SCV  
  33  4:06  Cyclone  
  37  4:15  SCV  
  34  4:24  Marine x2  
  34  4:27  SCV  
  36  4:38  Cyclone  
  39  4:41  SCV  
  39  4:42  Marine x2  
  42  4:53  SCV  
  42  4:55  Command Center  
  43  5:00  Marine x2  
  43  5:02  Orbital Command  
  45  5:07  SCV  
  45  5:13  Siege Tank  
  49  5:19  SCV  
  50  5:27  Barracks Tech Lab  
  50  5:29  Barracks, SCV  
  50  5:32  SCV  
  52  5:35  Barracks  
  52  5:41  SCV  
  53  5:44  SCV  
  51  5:50  Marine  
  51  5:51  Stimpack  
  51  5:52  Siege Tank  
  51  5:53  SCV  
  51  5:56  SCV  
  54  6:05  Engineering Bay x2, SCV  
  54  6:08  SCV  
  54  6:09  Orbital Command  
  56  6:11  Marine  
  56  6:17  Marine x2  
  59  6:19  SCV  
  59  6:20  SCV  
  59  6:24  Barracks Tech Lab  
  61  6:26  Orbital Command  
  61  6:27  Starport  
  61  6:31  SCV  
  61  6:32  SCV  
  63  6:35  Terran Infantry Weapons Level 1  
  63  6:38  Terran Infantry Armor Level 1  
  63  6:46  SCV x2  
  65  6:48  Combat Shield  
  65  6:51  Refinery x2  
  65  6:52  Supply Depot  
  65  6:54  SCV  
  66  6:57  Barracks Reactor  
  66  6:58  SCV x2  
  66  7:00  Marauder  
  66  7:01  Marauder  
  72  7:07  SCV  
  73  7:08  Supply Depot  
  73  7:10  SCV x2  
  75  7:20  Viking x2, SCV  
  75  7:22  Refinery, SCV x2  
  82  7:23  Refinery  
  82  7:28  Marauder x2  
  83  7:31  Supply Depot  
  83  7:32  SCV  
  83  7:34  SCV x2  
  88  7:39  Siege Tank  
  91  7:47  Barracks  
  91  7:48  Barracks  
  91  7:50  SCV x2  
  93  7:52  Supply Depot, SCV  
  93  7:53  Viking  
  93  7:56  Viking  
  96  8:00  Concussive Shells  
  96  8:03  Armory  
  96  8:04  SCV x2  
  96  8:05  SCV  
  99  8:07  Supply Depot  
  99  8:08  Supply Depot  
  95  8:15  Marine x2  
  95  8:16  Marauder x2  
  95  8:18  SCV x2  
  103  8:20  SCV  
  103  8:23  Viking  
  106  8:27  Viking  
  106  8:30  SCV x2  
  110  8:35  Supply Depot, Barracks Tech Lab, Barracks Reactor  
  110  8:36  SCV  
  111  8:42  Siege Tank, SCV  
  111  8:43  SCV  
  111  8:47  Marauder x2  
  120  8:51  Supply Depot  
  120  8:53  Viking  
  122  8:57  Viking  
  123  9:05  Terran Infantry Armor Level 2, Terran Infantry Weapons Level 2  
  123  9:06  Terran Ship Weapons Level 1  
  123  9:07  SCV x3  
  126  9:11  Supply Depot  
  126  9:13  Supply Depot  
  126  9:23  Viking  
  128  9:25  Command Center  
  128  9:27  Viking  
  133  9:37  Starport  
  133  9:38  Starport  
  130  9:40  Factory Reactor  
  130  9:41  Fusion Core  
  130  9:43  Marauder x3  
  136  9:46  Marine x4  
  140  9:53  Medivac  
  140  9:58  Medivac  
  144  10:02  Supply Depot x2  
  144  10:13  Marine x4, Marauder  
  144  10:14  Marauder x2  
  154  10:15  Viking  
  154  10:19  Liberator x2  
  156  10:22  Barracks x3  
  156  10:25  Viking x2  
  161  10:32  Liberator  
  159  10:58  Marauder x3, Marine x4  
  114  11:11  Viking x2  
  114  11:16  Marine x4  
  118  11:19  Marauder, Viking x2  
  118  11:20  Marauder  
  118  11:22  SCV  
  118  11:23  SCV  
  124  11:32  Viking  
  122  11:38  SCV x2  
  122  11:39  Orbital Command  
  123  11:41  Viking x2  
  127  11:49  Viking  
  127  11:50  Refinery  
  127  11:54  Viking  
  131  11:58  Refinery  
  124  12:04  Viking  
  124  12:07  Marauder  
  122  12:20  Supply Depot  
  122  12:21  Supply Depot  
Show
View Real Time Build Order
Export as new Build Order

liquidthermy Terran - Winner!

Build Orders: Cyclone Opening, Mech 

Get SALT Encoding   

  12  0:01  SCV  
  13  0:13  Supply Depot  
  13  0:19  SCV  
  14  0:31  SCV  
  14  0:33  Refinery  
  15  0:45  Barracks  
  15  0:50  SCV  
  16  1:02  SCV  
  17  1:05  Refinery  
  17  1:16  SCV  
  18  1:32  Reaper  
  18  1:33  Orbital Command  
  18  1:55  Factory  
  18  1:58  SCV  
  19  2:05  Reaper  
  20  2:10  SCV  
  20  2:11  Supply Depot  
  21  2:22  Supply Depot  
  21  2:23  SCV  
  22  2:35  SCV  
  24  2:37  Reaper  
  24  2:39  Factory Tech Lab  
  24  2:47  SCV  
  25  2:58  Cyclone  
  28  2:59  SCV  
  29  3:10  Command Center  
  29  3:13  SCV  
  29  3:15  Barracks Reactor  
  30  3:25  SCV  
  31  3:30  Cyclone  
  33  3:38  SCV  
  33  3:40  Starport  
  34  3:51  SCV  
  35  3:56  Supply Depot  
  35  4:02  Siege Tank  
  38  4:03  SCV  
  37  4:23  SCV  
  38  4:28  Orbital Command  
  38  4:35  Command Center  
  38  4:38  Siege Tank  
  41  4:44  Starport Reactor  
  41  4:45  SCV  
  41  4:56  SCV  
  41  4:57  SCV  
  42  5:04  Refinery  
  42  5:05  Refinery  
  42  5:08  SCV  
  42  5:10  Siege Tank  
  42  5:11  SCV  
  47  5:20  Viking, SCV  
  50  5:26  Viking  
  50  5:28  SCV  
  53  5:32  SCV  
  54  5:40  SCV  
  54  5:42  Factory, Barracks Reactor  
  55  5:44  SCV  
  55  5:48  Siege Tank  
  56  5:53  Orbital Command  
  56  5:57  SCV  
  56  5:58  SCV  
  56  6:03  Viking  
  60  6:07  Viking  
  60  6:09  SCV  
  60  6:10  SCV  
  64  6:20  Siege Tank  
  64  6:22  SCV  
  64  6:24  SCV x2  
  70  6:27  Barracks Tech Lab  
  70  6:28  Factory, Orbital Command  
  70  6:34  Hellion x2  
  70  6:38  Supply Depot  
  74  6:40  SCV  
  74  6:41  Supply Depot  
  74  6:44  SCV  
  76  6:51  Engineering Bay  
  76  6:52  SCV  
  77  7:00  Hellion x2, Siege Tank, SCV  
  85  7:02  Viking x2, SCV  
  85  7:04  SCV  
  91  7:12  SCV  
  91  7:14  Supply Depot, SCV  
  93  7:25  Refinery  
  93  7:26  Refinery  
  93  7:31  Supply Depot  
  93  7:32  Liberator  
  93  7:34  Missile Turret x2  
  93  7:35  Missile Turret  
  93  7:36  Siege Tank, SCV x3  
  99  7:37  Liberator, Sensor Tower  
  99  7:42  Hellion  
  101  7:44  Supply Depot  
  101  7:48  SCV x2  
  106  7:54  Supply Depot  
  106  7:56  SCV  
  110  8:00  SCV x2  
  110  8:01  Hellion  
  114  8:06  Hellion  
  114  8:08  Supply Depot, SCV  
  114  8:12  SCV x2  
  117  8:15  Siege Tank  
  117  8:17  Siege Tank  
  123  8:24  Factory  
  123  8:25  Factory  
  123  8:27  Infernal Pre-Igniter  
  123  8:32  Armory  
  123  8:33  Hellion  
  125  8:36  SCV  
  125  8:38  SCV  
  125  8:39  Hellion  
  129  8:47  Siege Tank  
  132  8:48  Supply Depot  
  132  8:49  Missile Turret, Viking  
  132  8:51  Siege Tank  
  132  8:54  Supply Depot  
  137  8:57  Supply Depot  
  137  8:58  Hellion  
  137  9:02  Viking  
  135  9:03  Hellion  
  137  9:11  Factory Tech Lab, Factory Reactor  
  137  9:13  Mag-Field Accelerator  
  133  9:19  Hellion  
  133  9:20  Viking  
  133  9:21  Terran Vehicle Weapons Level 1  
  133  9:23  Siege Tank  
  142  9:24  Hellion  
  142  9:31  Viking  
  142  9:34  Command Center  
  144  9:39  Hellion, Siege Tank  
  144  9:40  Missile Turret  
  144  9:43  Siege Tank  
  154  9:46  Supply Depot, Hellion  
  154  9:49  Hellion  
  154  9:50  Hellion  
  154  9:52  Viking  
  160  9:56  Supply Depot  
  160  10:01  Supply Depot, Viking  
  160  10:02  Hellion  
  164  10:08  Cyclone  
  164  10:11  Cyclone  
  170  10:15  Supply Depot  
  170  10:16  Cyclone  
  170  10:18  Hellion x2  
  177  10:23  Supply Depot  
  177  10:27  Hellion  
  179  10:31  Supply Depot  
  179  10:32  Viking  
  179  10:35  Viking  
  183  10:40  Siege Tank  
  186  10:45  Hellion, Siege Tank  
  186  10:46  Liberator  
  186  10:48  Hellion, Siege Tank, Liberator  
  186  10:49  Hellion  
  198  10:52  Hellion  
  145  11:07  Hellion  
  145  11:09  Hellion  
  145  11:10  Hellion  
  143  11:12  Hellion  
  143  11:17  Siege Tank  
  148  11:19  Hellion  
  148  11:22  Hellion  
  152  11:30  Hellion  
  154  11:33  Hellion x3, Siege Tank  
  157  11:41  Hellion  
  157  11:43  Siege Tank  
  157  11:44  Planetary Fortress  
  157  11:46  Hellion  
  164  11:49  Cyclone  
  164  11:50  Hellion  
  164  11:51  Refinery  
  169  11:55  Refinery  
  169  11:56  Missile Turret  
  169  12:00  Hellion  
  161  12:06  Siege Tank  
  161  12:07  Viking x2  
  161  12:08  SCV  
  169  12:11  SCV  
  170  12:21  SCV  
Tags
 
Add a new tag
Caveats
  • Supply blocks, unpowered buildings, or Contaminate may cause inaccurate times.
  • Supply counts are checked every 10 seconds.